cohdb
Replays
Latest Replays
All Replays
Popular Replays
Top Player Replays
Match Explorer
How It Works
Community
CoH3 Stats
Reddit
Sign in to upload your games and track your stats! →
Sign in with Steam
Match 42263214
Unlisted
Match 42263214
Overview
Messages
Build Orders
End
Kradschützen Motorcycle Team
Panzergrenadier Squad
Panzergrenadier Squad
Construct Light Support Kompanie
MG34 Team
2.5-tonne Medical Truck
Selects Italian Infantry
Selects Guastatori Squad
Guastatori Squad
Guastatori Squad
Construct Mechanized Kompanie
Guastatori Squad
Selects Defensive Operations
Selects Territory Booby Traps
Construct Panzerarmee Kommand
Selects Registered Artillery
Registered Artillery
Walking Stuka Rocket Launcher
Registered Artillery
Walking Stuka Rocket Launcher
Selects Obice 305mm Barrage
Registered Artillery
[~AJ~]Oberst
raven182
MZMZ
jerjawe
Crossea
Pwnbot
Candi
catchitin
0
0
Comments
sign in to comment!
No comments posted yet!